 Dungeon Crawl Stone Soup version 0.28.0-49-g6dfe1f597d (webtiles) character file.

Game seed: 13520764854472471122

102 H0rd4k the Charlatan (level 5, -2/37 HPs)
             Began as a Human Artificer on May 18, 2022.
             Slain by a river rat (9 damage)
             ... on level 3 of the Dungeon.
             The game lasted 00:03:37 (2953 turns).

H0rd4k the Charlatan (Human Artificer)              Turns: 2953, Time: 00:03:37

Health: -2/37      AC:  3    Str: 13    XL:     5   Next: 5%
Magic:  5/5        EV: 11    Int: 13    God:
Gold:   118        SH:  0    Dex: 13    Spells: 4/4 levels left

rFire   . . .      SeeInvis .   a - +0 club
rCold   . . .      Faith    .   (no shield)
rNeg    . . .      Spirit   .   b - +0 leather armour
rPois   .          Reflect  .   (no helmet)
rElec   .          Harm     .   (no cloak)
rCorr   .          Rampage  .   (no gloves)
Will    .....                   (no boots)
Stlth   +.........              (no amulet)
HPRegen 0.12/turn               (no ring)
MPRegen 0.09/turn               (no ring)

@: very slow
A: no striking features
a: no special abilities


You were on level 3 of the Dungeon.
You visited 1 branch of the dungeon, and saw 3 of its levels.

You collected 118 gold pieces.

Inventory:

Hand Weapons
 a - a +0 club (weapon)
Missiles
 g - 4 throwing nets
Armour
 b - a +0 leather armour (worn)
Magical Staves
 h - a staff of earth
Wands
 c - a wand of flame (2) (quivered)
 d - a wand of charming (7)
Scrolls
 f - a scroll of noise {unknown}
 k - a scroll of teleportation {unknown}
Potions
 i - a potion of haste {unknown}
 j - a potion of mutation {unknown}
 l - 2 potions of heal wounds
 m - a potion of attraction {unknown}
 n - 2 potions of cancellation {unknown}
Miscellaneous
 e - a piece from Xom's chessboard (15/15)


   Skills:
 + Level 1.5 Fighting
 + Level 1.4 Maces & Flails
 + Level 3.0 Armour
 + Level 1.7 Dodging
 + Level 1.2 Stealth
 + Level 3.7 Evocations


You had 4 spell levels left.
You didn't know any spells.
Your spell library was empty.

Dungeon Overview and Level Annotations

Branches:
Dungeon (3/15)

Altars:

Annotations:
D:1 exclusion: downstairs


Message History

Found 8 gold pieces.
You now have 102 gold pieces (gained 8).
You hear the slow rusting of a distant drain.
You see here a quokka corpse.
A bat comes into view.
Found an escape hatch in the ceiling.
You hit the bat.
You kill the bat!
You see here a bat corpse.
Found 16 gold pieces.
You now have 118 gold pieces (gained 16).
Aiming: Throw Flame
Press: ? - help, Shift-Dir - straight line, f - river rat
Aim: a river rat (asleep, 100% to hit)
You feel a bit more experienced.
You have reached level 5!
You enter the shallow water.
Moving in this stuff is going to be slow.
You hear the slow rusting of a drain.
A rat and a giant cockroach come into view.
The rat moves out of view.
Aiming: Throw Flame
Press: ? - help, Shift-Dir - straight line, f - giant cockroach
Aim: a giant cockroach (71% to hit)
You feel a bit more experienced.
You feel a bit more experienced.
A quokka and a river rat come into view.
You see here a rat corpse.
Aiming: Throw Flame
Press: ? - help, Shift-Dir - straight line, f - river rat
Aim: a river rat (68% to hit)
The puff of flame hits the river rat.
The river rat is moderately wounded.
The river rat is engulfed in a cloud of scalding steam.
The river rat bites you! The river rat bites you.
You are engulfed in a cloud of scalding steam.
* * * LOW HITPOINT WARNING * * *
The river rat bites you!
You die...

#......##≈≈####≈≈##
#.......≈≈≈≈≈≈≈≈≈≈#
.......##≈≈####≈≈##
#####..##### ##≈#
.......# #≈#
###.#..# #≈#
......# ##≈#
#.#....# ≈≈####§§##
#. ##### ≈≈≈≈r§r@≈#
≈≈####§§## ####


You could see a river rat and a quokka.

Vanquished Creatures
  A gnoll (D:2)
  2 adders (D:2)
  A river rat (D:3)
  A dart slug (D:1)
  2 bats
  3 endoplasms
  A giant cockroach (D:3)
  A goblin (D:2)
  5 hobgoblins
  3 jackals (D:2)
  4 kobolds
  4 quokkas
  5 ball pythons (D:1)
  A frilled lizard (D:1)
  5 rats
39 creatures vanquished.

Vanquished Creatures (collateral kills)
  An adder (D:2)
  A gnoll (D:2)
  A hobgoblin (D:1)
  A frilled lizard (D:2)
  2 kobolds (D:2)
6 creatures vanquished.

Vanquished Creatures (others)
  2 gnolls (D:2)
  A goblin (D:1)
3 creatures vanquished.

Grand Total: 48 creatures vanquished

Notes
Turn   | Place    | Note
-------+----------+-------------------------------------------
     0 | D:1      | H0rd4k the Human Artificer began the quest for the Orb.
     0 | D:1      | Reached XP level 1. HP: 15/15 MP: 1/1
   518 | D:1      | Reached XP level 2. HP: 6/21 MP: 2/2
  1595 | D:2      | Reached XP level 3. HP: 22/26 MP: 3/3
  1889 | D:2      | Reached XP level 4. HP: 15/32 MP: 4/4
  2014 | D:2      | Reached skill level 1 in Maces & Flails
  2923 | D:3      | Reached XP level 5. HP: 20/37 MP: 5/5
  2953 | D:3      | Slain by a river rat

Illustrated notes

Levels and vault maps discovered:
D:1:      nicolae_arrival_somewhat_less_tricky_arrival, layout_rooms
D:2:      layout_rooms, grunt_ministairs_7, minmay_misc_feat_enclosed,
          grunt_decor_cap
D:3:      layout_basic, serial_glass, glass_columns_a, glass_columns_c,
          gup_sewer_entry_bubbles, shapermc_ecumenical_altar_venn

Skill      XL: |  1  2  3  4 |
---------------+-------------+-----
Maces & Flails | 1 |  1.4
Armour         | 3 |  3.0
Fighting       | |  1.5
Dodging        | |  1.7
Stealth        | |  1.2
Evocations     | |  3.7

Action                   |  1- 3 |  4- 6 || total
-------------------------+-------+-------++-------
Melee: Club              |    92 |    74 ||   166
       Punch             |     1 |       ||     1
Evoke: Wand              |     5 |    16 ||    21
  Use: Potion            |     2 |       ||     2
 Stab: Sleeping          |       |     1 ||     1
Armor: Leather armour    |    27 |    18 ||    45
Dodge: Dodged            |    73 |    47 ||   120
